 Dungeon Crawl Stone Soup version 0.22.2-1-ge965b3aba3 (webtiles) character file.

2781 Freitmort the Thaumaturge (level 9, -11/47 HPs)
             Began as a Deep Elf Conjurer on July 16, 2019.
             Mangled by an orc warrior
             ... wielding a +0 glaive
              (24 damage)
             ... on level 8 of the Dungeon on July 18, 2019.
             The game lasted 00:57:46 (9292 turns).

Freitmort the Thaumaturge (Deep Elf Conjurer)       Turns: 9292, Time: 00:57:49

Health: -11/47     AC:  7    Str: 10    XL:     9   Next: 43%
Magic:  24/34      EV: 14    Int: 24    God:
Gold:   437        SH:  0    Dex: 15    Spells: 22/29 levels left

rFire    x . .     SeeInvis +   w - +9 mace of Blood-Lust {freeze, rElec rPois rF- Int+2 SInv}
rCold    + . .     Gourm    .   (no shield)
rNeg     + . .     Faith    .   x - +0 robe {rC+}
rPois    +         Spirit   .   (no helmet)
rElec    +         Reflect  .   (no cloak)
rCorr    .         Harm     .   D - +4 pair of gloves of Zin's Envy {rN+ MR- Str+3 Stlth+}
MR       .....                  (no boots)
Stlth    ++++......             (no amulet)
HPRegen  0.15/turn              B - ring of protection from magic
MPRegen  0.24/turn              v - ring of magical power

@: no status effects
A: no striking features
a: no special abilities


You were on level 8 of the Dungeon.
You were hungry.

You visited 2 branches of the dungeon, and saw 9 of its levels.

You collected 437 gold pieces.

Inventory:

Hand Weapons
 q - a +1 blowgun
 w - the +9 mace of Blood-Lust (weapon) {freeze, rElec rPois rF- Int+2 SInv}
   (You took it off an orc on level 4 of the Dungeon)

   It has been specially enchanted to freeze those struck by it, causing extra
   injury to most foes and up to half again as much damage against particularly
   susceptible opponents.
   It can also slow down cold-blooded creatures.
   It affects your intelligence (+2).
   It makes you vulnerable to fire.
   It insulates you from electricity.
   It protects you from poison.
   It lets you see invisible.
 F - a +0 blowgun
Missiles
 h - 77 poisoned needles
 r - 4 curare-tipped needles
Armour
 l - a +2 pair of gloves
 x - a +0 robe of cold resistance (worn)
 D - the +4 pair of gloves of Zin's Envy (worn) {rN+ MR- Str+3 Stlth+}
   (You found it on level 6 of the Dungeon)

   It affects your strength (+3).
   It protects you from negative energy.
   It affects your resistance to hostile enchantments.
   It makes you more stealthy.
Jewellery
 a - an uncursed ring of protection from cold
 d - an uncursed ring of protection from fire
 f - a +3 amulet of reflection
 v - a ring of magical power (right hand)
 B - a ring of protection from magic (left hand)
Wands
 m - a wand of disintegration (15)
 A - a wand of digging (17)
 G - a wand of iceblast (8)
Scrolls
 b - 4 scrolls of fear
 i - 3 scrolls of remove curse
 j - 4 scrolls of teleportation
 u - 2 scrolls of magic mapping
 y - a scroll of amnesia
 H - a scroll of enchant weapon
Potions
 e - 2 potions of agility
 g - 3 potions of heal wounds
 k - 2 potions of ambrosia
 n - 2 potions of flight
 o - 2 potions of mutation {unknown}
 p - 6 potions of curing
 s - a potion of might {unknown}
 t - 2 potions of cancellation {unknown}
 z - a potion of resistance {unknown}
 C - a potion of degeneration {unknown}
 E - 2 potions of lignification
 I - a potion of magic {unknown}
Comestibles
 c - 16 rations


   Skills:
 + Level 1.5 Fighting
 + Level 2.2 Throwing
 + Level 4.4 Dodging
 + Level 5.2 Stealth
 + Level 10.5 Spellcasting
 + Level 9.9 Conjurations
 + Level 2.7 Evocations


You had 22 spell levels left.
You knew the following spells:

 Your Spells              Type           Power        Failure   Level  Hunger
a - Magic Dart            Conj           ####         1%          1    None
b - Searing Ray           Conj           ######       1%          2    None
c - Iskenderun's Mystic   Conj           ######..     1%          4    None

Your spell library contained the following spells:

 Spells                   Type           Power        Failure   Level  Hunger
 Dazzling Spray           Conj/Hex       #####.       1%          3    None
 Infusion                 Chrm           ##..         4%          1    None
 Force Lance              Conj/Tloc      #####...     6%          4    None
 Fulminant Prism          Conj/Hex       #####.....   6%          4    None
 Shroud of Golubria       Chrm/Tloc      ##........   8%          2    None
 Song of Slaying          Chrm           ##......     8%          2    None
 Regeneration             Chrm/Necr      ##........   16%         3    None
 Spectral Weapon          Hex/Chrm       ##......     16%         3    None


Dungeon Overview and Level Annotations

Branches:
Dungeon (8/15)             Temple (1/1) D:6
   Lair: D:8-11

Altars:
Ashenzari
Cheibriados
Dithmenos
Elyvilon
Fedhas
Gozag
Hepliaklqana
Kikubaaqudgha
Makhleb
Nemelex Xobeh
Okawaru
Qazlal
Ru
Sif Muna
Trog
Uskayaw
Wu Jian
Xom
Yredelemnul
Zin
The Shining One
Beogh

Portals:
Bailey: D:8

Annotations:
D:7 3 runed doors, Tali's ghost, novice DsBe
D:8 exclusion: door


Message History

* * * LOW HITPOINT WARNING * * *
The searing ray hits the orc warrior.
The orc warrior is heavily wounded.
The searing ray hits the orc warrior.
The orc warrior is severely wounded.
The searing ray hits the orc.
You kill the orc!
You finish channeling your searing ray.
The orc warrior barely misses you.
Casting: Searing Ray (safe; 1% risk of failure)
Confirm with . or Enter, or press ? or * to list all spells.
Aiming: Searing Ray (safe; 1% risk of failure)
Press: ? - help, Shift-Dir - straight line, f/p - orc warrior
Aim: an orc warrior, wielding a glaive and wearing a shiny plate armour (severely wounded)
The searing ray hits the orc warrior.
The orc warrior is almost dead. (Press . to maintain the ray.)
You hear the steady creaking of a very distant portcullis.
The orc warrior hits you from afar with a glaive!!
Ouch! That really hurt!
You die...

* **** *,,, ####### *,** #.....#
************,** #.###.#
*,,,,,,,,,**,** #.# #.#
*,*******,**,** #####.#
#.####*,*******,**,**
#####.....###...@#*,*,,,,,*,**,**
..........<#####.#*,*,***,*,,*,**
#########.#....#o#*,*,**,,,,,,,**
***,,,,,....##.#o.,,*,**,,*,,,***
,,,,,,,,......,.$..,,>**,,*,∩,* *
***,**,*#...#..#....,,,,,,,,,,* *
,,,,,,,*##.##.###.##.******,,****
,,,,**,***..*,,,,.#,..,,,,,,,,,,,
,,,,**,*,,,,*******,,************


You could see an orc warrior and an orc.

Vanquished Creatures
  Prince Ribbit (D:7)
  A hungry ghost (D:7)
  Duvessa (D:7)
  2 orc warriors (D:6)
  A sky beast (D:6)
  A black bear (D:7)
  A phantom (D:6)
  6 ogres
  2 big kobolds (D:7)
  2 bullfrogs
  A water moccasin zombie (D:7)
  Dowan (D:7)
  2 crimson imps
  2 hounds
  A jelly (D:5)
  9 orc wizards
  4 orc priests
  A gnoll shaman (D:7)
  An iguana (D:4)
  4 worker ants
  A worker ant zombie (D:5)
  9 gnolls
  7 adders
  A howler monkey skeleton (D:5)
  4 shadow imps
  An adder skeleton (D:7)
  A worm (D:3)
  A dart slug (D:2)
  4 leopard geckos
  23 orcs
  11 bats
  7 giant cockroaches
  7 goblins
  6 hobgoblins
  13 jackals
  5 quokkas
  2 ball pythons
  A ball python zombie (D:5)
  7 frilled lizards
  20 kobolds
  12 rats
187 creatures vanquished.

Vanquished Creatures (others)
  A kobold (D:3)
  3 fungi (D:7)
  2 plants (D:7)
6 creatures vanquished.

Grand Total: 193 creatures vanquished

Notes
Turn   | Place    | Note
-------+----------+-------------------------------------------
     0 | D:1      | Freitmort the Deep Elf Conjurer began the quest for the
                  | Orb.
     0 | D:1      | Reached XP level 1. HP: 10/10 MP: 6/6
   241 | D:1      | Reached XP level 2. HP: 15/15 MP: 0/8
   584 | D:1      | Reached skill level 5 in Conjurations
   913 | D:1      | Reached XP level 3. HP: 19/19 MP: 5/9
  1230 | D:2      | Learned a level 2 spell: Searing Ray
  1660 | D:2      | Reached XP level 4. HP: 23/24 MP: 1/11
  2194 | D:3      | Found an ornate altar of the Wu Jian Council.
  2448 | D:3      | Reached skill level 4 in Spellcasting
  2452 | D:3      | Reached XP level 5. HP: 28/28 MP: 10/13
  2568 | D:3      | Reached skill level 1 in Evocations
  2796 | D:3      | Found a blossoming altar of Fedhas.
  2797 | D:3      | Found a white marble altar of Elyvilon.
  2797 | D:3      | Found a burning altar of Makhleb.
  2798 | D:3      | Found a stormy altar of Qazlal.
  3241 | D:3      | Reached skill level 1 in Throwing
  3320 | D:4      | Noticed an ogre
  3325 | D:4      | Killed an ogre
  3325 | D:4      | Reached XP level 6. HP: 33/33 MP: 9/15
  3635 | D:4      | Reached skill level 5 in Spellcasting
  3768 | D:4      | Found a roughly hewn altar of Beogh.
  4210 | D:4      | Reached XP level 7. HP: 37/37 MP: 17/17
  4388 | D:4      | Reached skill level 1 in Fighting
  4388 | D:4      | Reached skill level 6 in Spellcasting
  4455 | D:4      | Got a warped mace {freeze}
  4506 | D:4      | Identified the +9 mace of Blood-Lust {freeze, rElec rPois
                  | rF- Int+2 SInv} (You took it off an orc on level 4 of the
                  | Dungeon)
  4721 | D:4      | Learned a level 4 spell: Iskenderun's Mystic Blast
  4731 | D:5      | Entered Level 5 of the Dungeon
  5713 | D:6      | Reached skill level 7 in Spellcasting
  5750 | D:6      | Found a staircase to the Ecumenical Temple.
  5760 | Temple   | Entered the Ecumenical Temple
  5946 | D:6      | Reached XP level 8. HP: 43/43 MP: 21/21
  6358 | D:6      | Got a pair of dazzling gloves
  6383 | D:6      | Identified the +4 pair of gloves of Zin's Envy {rN+ MR-
                  | Str+3 Stlth+} (You found it on level 6 of the Dungeon)
  6653 | D:6      | Reached skill level 8 in Spellcasting
  7483 | D:7      | Reached skill level 9 in Spellcasting
  7663 | D:7      | Found a runed gate.
  7664 | D:7      | Noticed Tali's ghost (novice DsBe)
  7665 | D:7      | Found a runed gate.
  7665 | D:7      | Found a runed gate.
  7830 | D:7      | Reached XP level 9. HP: 47/47 MP: 12/24
  7973 | D:7      | Noticed Prince Ribbit
  7976 | D:7      | Noticed Dowan
  7976 | D:7      | Noticed Duvessa
  7978 | D:7      | Killed Prince Ribbit
  7981 | D:7      | Killed Dowan
  8170 | D:7      | Killed Duvessa
  8170 | D:7      | Reached skill level 10 in Spellcasting
  8312 | D:7      | Noticed a kobold demonologist
  8455 | D:7      | Reached skill level 5 in Stealth
  9026 | D:8      | Noticed a two-headed ogre
  9030 | D:8      | Found a flagged portal.
  9292 | D:8      | Mangled by an orc warrior

Skill      XL: |  1  2  3  4  5  6  7  8  9 |
---------------+----------------------------+-----
Conjurations   | 5 6 7 9 |  9.9
Stealth        | 3 4 5 |  5.2
Dodging        | 3 4 |  4.4
Spellcasting   | 4 5 7 9 10 | 10.5
Evocations     | 1 2 |  2.7
Throwing       | 1 2 |  2.2
Fighting       | 1 |  1.5

Action                   |  1- 3 |  4- 6 |  7- 9 || total
-------------------------+-------+-------+-------++-------
 Fire: Blowgun           |       |     6 |       ||     6
 Cast: Magic Dart        |    76 |    88 |   158 ||   322
       Searing Ray       |     2 |    13 |    42 ||    57
       Iskenderun's Myst |       |       |    26 ||    26
  Use: Scroll            |     8 |     2 |    10 ||    20
       Potion            |       |       |     1 ||     1
  Eat: Chunk             |     2 |     8 |     9 ||    19
       Ration            |       |       |     2 ||     2
Armor: Robe              |    13 |     5 |    13 ||    31
Dodge: Dodged            |    43 |     9 |    35 ||    87
Block: Other             |     1 |     3 |       ||     4
       Reflection        |       |     1 |       ||     1
